 Dungeon Crawl Stone Soup version 0.20.1-1-g8b1a95d (webtiles) character file.

441 Kingsmith the Magician (level 6, -2/32 HPs)
             Began as a Deep Elf Conjurer on Dec 6, 2017.
             Killed by nerve-wracking pain
             ... invoked by an orc priest
              (11 damage)
             ... on level 4 of the Dungeon.
             The game lasted 00:10:40 (3077 turns).

Kingsmith the Magician (Deep Elf Conjurer)          Turns: 3077, Time: 00:10:40

Health: -2/32      AC:  4    Str:  5    XL:     6   Next: 71%
Magic:  14/17      EV: 13    Int: 22    God:
Gold:   151        SH:  0    Dex: 15    Spells: 3/17 levels left

rFire    . . .     SeeInvis .   p - +1 spear (freeze)
rCold    . . .     Gourm    .   (no shield)
rNeg     . . .     Faith    .   a - +0 robe
rPois    .         Spirit   .   g - +0 helmet (curse)
rElec    .         Reflect  .   (no cloak)
rCorr    .         Harm     .   l - +0 pair of gloves
MR       .....                  (no boots)
Stlth    ++........             (no amulet)
Regen    0.1/turn               (no ring)
MPRegen  0.2/turn               (no ring)

@: about to teleport
A: no striking features
a: no special abilities


You were on level 4 of the Dungeon.
You were not hungry.

You visited 1 branch of the dungeon, and saw 4 of its levels.

You collected 151 gold pieces.

Inventory:

Hand Weapons
 i - a +2 short sword of draining
 p - a +1 spear of freezing (weapon)
Armour
 a - a +0 robe (worn)
 g - a cursed +0 helmet (worn)
 l - a +0 pair of gloves (worn)
Jewellery
 n - a +4 ring of strength {unknown}
Scrolls
 d - a scroll of immolation
 h - 2 scrolls of identify
 j - a scroll of fear {unknown}
 o - 2 scrolls of remove curse
Books
 b - a book of Conjurations

   Spells                             Type                      Level
   a - Magic Dart                     Conjuration                  1
   b - Searing Ray                    Conjuration                  2
   c - Dazzling Spray                 Conjuration/Hexes            3
   d - Fulminant Prism                Conjuration/Hexes            4
   e - Force Lance                    Conjuration/Translocation    4
   f - Iskenderun's Mystic Blast      Conjuration                  4
Comestibles
 c - a bread ration
 f - 2 meat rations
 k - 4 chunks of flesh


   Skills:
 - Level 2.4 Dodging
 - Level 2.4 Stealth
 - Level 6.2 Spellcasting
 - Level 6.1 Conjurations
 + Level 4.2 Translocations


You had 3 spell levels left.
You knew the following spells:

 Your Spells              Type           Power        Failure   Level  Hunger
a - Magic Dart            Conj           ####         1%          1    None
b - Searing Ray           Conj           ####..       1%          2    None
c - Dazzling Spray        Conj/Hex       ###...       8%          3    #......
d - Iskenderun's Mystic   Conj           ####....     7%          4    ###....
e - Force Lance           Conj/Tloc      ####....     11%         4    ###....


Dungeon Overview and Level Annotations

Branches:
Dungeon (4/15)
 Temple: D:4-7

Altars:

Annotations:
D:3 PipsiMox's ghost, amateur KoHu


Message History

As you read the scroll of teleportation, it crumbles to dust.
You feel strangely unstable.
The orc wizard hits you but does no damage.
The orc priest misses you. The orc priest closely misses you.
The orc wizard hits you but does no damage.
You closely miss the orc priest.
The orc priest is almost dead.
The orc wizard hits you with an enchanted dagger.
The orc priest hits you but does no damage.
The orc priest hits you with a mace.
You hit the orc priest but do no damage.
The orc priest is almost dead.
The orc wizard casts a spell at you. The magic dart hits you!
The orc priest misses you.
The orc wizard points at you and mumbles some strange words.
The magic dart hits you!
* * * LOW HITPOINT WARNING * * *
The orc priest mumbles some strange prayers to Beogh against you.
Pain shoots through your body!
You die...

#$...### ## #......
..##. .##...... ........
........
#.........##....†#
.....<....##.....##
...)......#....ooo#
..........#)....@.#
##'###....##..>...+
#..###....##......#
...'......##....#######
...#......#####'###...##
...#......#............#
...#......#............#
...#......#............#
...#...................#


You could see 2 orc priests and an orc wizard.

Vanquished Creatures
  A howler monkey (D:4)
  6 orc wizards (D:4)
  An iguana (D:4)
  Natasha (thrice) (D:2)
  8 adders
  2 leopard geckos
  3 orcs
  3 ball pythons
  5 giant cockroaches
  7 goblins
  5 hobgoblins
  2 quokkas
  3 bats
  6 frilled lizards
  9 kobolds
  A quokka skeleton (D:4)
  9 rats
74 creatures vanquished.

Notes
Turn   | Place    | Note
-------+----------+-------------------------------------------
     0 | D:1      | Kingsmith the Deep Elf Conjurer began the quest for the Orb.
     0 | D:1      | Reached XP level 1. HP: 10/10 MP: 6/6
   353 | D:1      | Reached XP level 2. HP: 9/15 MP: 8/8
   358 | D:1      | Learned a level 2 spell: Searing Ray
  1130 | D:2      | Reached XP level 3. HP: 19/19 MP: 10/10
  1219 | D:2      | Noticed Natasha
  1225 | D:2      | Killed Natasha
  1225 | D:2      | Reached skill level 5 in Spellcasting
  1294 | D:2      | Noticed Natasha
  1298 | D:2      | Killed Natasha
  1298 | D:2      | Reached XP level 4. HP: 15/24 MP: 6/13
  1643 | D:2      | Noticed Natasha
  1647 | D:2      | Killed Natasha
  1653 | D:2      | Learned a level 3 spell: Dazzling Spray
  1658 | D:2      | Learned a level 4 spell: Iskenderun's Mystic Blast
  1673 | D:2      | Reached skill level 5 in Conjurations
  1695 | D:2      | Learned a level 4 spell: Force Lance
  1755 | D:2      | Reached XP level 5. HP: 25/28 MP: 8/15
  2289 | D:3      | Noticed PipsiMox's ghost (amateur KoHu)
  2815 | D:4      | Reached skill level 1 in Translocations
  2844 | D:4      | Reached XP level 6. HP: 32/32 MP: 13/17
  3077 | D:4      | Killed from afar by an orc priest

Skill      XL: |  1  2  3  4  5  6 |
---------------+-------------------+-----
Spellcasting   | 4 5 6 |  6.2
Conjurations   | 5 6 |  6.1
Translocations | 2 4 |  4.2
Dodging        | |  2.4
Stealth        | |  2.4

Action                   |  1- 3 |  4- 6 || total
-------------------------+-------+-------++-------
Melee: Short sword       |    28 |    60 ||    88
       Spear             |       |    17 ||    17
 Cast: Magic Dart        |    29 |    24 ||    53
       Searing Ray       |     2 |    12 ||    14
  Use: Potion            |       |     5 ||     5
       Scroll            |       |     5 ||     5
 Stab: Sleeping          |     4 |     5 ||     9
  Eat: Chunk             |     1 |     6 ||     7
Armor: Robe              |     5 |    24 ||    29
Dodge: Dodged            |    13 |    55 ||    68
